 Dungeon Crawl Stone Soup version 0.25-a0-860-gf695395b5c (webtiles) character file.

Game seed: 4705415785337147193, levelgen mode: deterministic

58 tilp the Bolt Thrower (level 4, -8/25 HPs)
             Began as a Kobold Arcane Marksman on Apr 28, 2020.
             Killed by divine providence
             ... invoked by an orc priest
              (13 damage)
             ... on level 3 of the Dungeon.
             The game lasted 00:03:13 (2389 turns).

tilp the Bolt Thrower (Kobold Arcane Marksman)      Turns: 2389, Time: 00:03:14

Health: -8/25      AC:  5    Str:  8    XL:     4   Next: 20%
Magic:  5/5        EV: 14    Int: 14    God:
Gold:   102        SH:  0    Dex: 15    Spells: 4/5 levels left

rFire    . . .     SeeInvis .   b - +2 short sword (venom)
rCold    . . .     Gourm    .   (shield restricted)
rNeg     . . .     Faith    .   o - +0 leather armour
rPois    .         Spirit   .   (no helmet)
rElec    .         Reflect  .   j - +0 cloak
rCorr    .         Harm     .   n - +0 pair of gloves
MR       .....                  (no boots)
Stlth    +.........             (no amulet)
HPRegen  0.08/turn              (no ring)
MPRegen  0.09/turn              (no ring)

@: no status effects
A: small, carnivore
a: no special abilities


You were on level 3 of the Dungeon.
You were full.

You visited 1 branch of the dungeon, and saw 3 of its levels.

You collected 102 gold pieces.

Inventory:

Hand Weapons
 a - a +0 hand crossbow
 b - a +2 short sword of venom (weapon)
 g - a +0 mace
 m - a +3 spear
Missiles
 d - 17 bolts
Armour
 j - a +0 cloak (worn)
 n - a +0 pair of gloves (worn)
 o - a +0 leather armour (worn)
Jewellery
 p - a cursed ring of attention {unknown}
Scrolls
 e - 2 scrolls of magic mapping
 f - 3 scrolls of identify
 i - a scroll of remove curse {unknown}
 k - 2 scrolls of amnesia {unknown}
 l - a scroll of enchant weapon {unknown}
Potions
 h - a potion of brilliance
 q - a potion of magic {unknown}
Comestibles
 c - 8 rations


   Skills:
 - Level 1.1 Fighting
 + Level 5.0 Crossbows
 - Level 2.4 Dodging
 - Level 1.1 Spellcasting
 - Level 3.0 Hexes


You had 4 spell levels left.
You knew the following spells:

 Your Spells              Type           Power        Failure   Level  Hunger
a - Corona                Hex            #......      11%         1    ##.....

Your spell library contained the following spells:

 Spells                   Type           Power        Failure   Level  Hunger
 Slow                     Hex            #.......     17%         2    ###....
 Inner Flame              Hex/Fire       #.......     52%         3    ####...
 Portal Projectile        Hex/Tloc       #.....       52%         3    ####...
 Cause Fear               Hex            #.........   73%         4    #####..
 Leda's Liquefaction      Hex/Erth       #.........   90%         4    #####..


Dungeon Overview and Level Annotations

Branches:
Dungeon (3/15)

Altars:
Nemelex Xobeh


Innate Abilities, Weirdness & Mutations

You are small and have problems with some larger weapons.
You are carnivorous and can eat meat at any time.


Message History

You hit the frilled lizard.
You kill the frilled lizard!
Things that are here:
24 arrows; a frilled lizard corpse You barely miss the orc priest.
The orc priest hits you.
* * * LOW HITPOINT WARNING * * *
You puncture the orc priest!
The orc priest is poisoned.
The orc priest is moderately wounded.
The orc priest hits you.
* * * LOW HITPOINT WARNING * * *
You hit the orc priest.
The orc priest looks as sick as possible!
The orc priest is severely wounded.
The orc priest misses you.
You closely miss the orc priest.
The orc priest is almost dead.
The orc priest mumbles some strange prayers to Beogh against you.
Beogh smites you!
Ouch! That really hurt!
You die...

........# #........#l#
.....
........#####...###[..#
#.###..
...........##..###..###
.. #
........##.....##..##
#..
........###..#)##.##
### ######......##.##.#
#.######...#.#
#..........#.######
#######....@o.....#
##.....###### #...###
#...# #####


You could see an orc priest.

Vanquished Creatures
  2 adders (D:2)
  An ooze (D:3)
  2 leopard geckos (D:1)
  3 giant cockroaches
  3 goblins
  4 hobgoblins
  2 jackals (D:1)
  6 kobolds
  3 bats (D:2)
  4 frilled lizards
  4 rats
34 creatures vanquished.

Notes
Turn   | Place    | Note
-------+----------+-------------------------------------------
     0 | D:1      | tilp the Kobold Arcane Marksman began the quest for the
                  | Orb.
     0 | D:1      | Reached XP level 1. HP: 12/12 MP: 2/2
   259 | D:1      | Reached skill level 3 in Crossbows
   323 | D:1      | Reached XP level 2. HP: 16/16 MP: 3/3
   933 | D:1      | Reached skill level 4 in Crossbows
   933 | D:1      | Reached XP level 3. HP: 15/20 MP: 4/4
  1527 | D:2      | Found a sparkling altar of Nemelex Xobeh.
  1900 | D:2      | Reached XP level 4. HP: 18/25 MP: 5/5
  2199 | D:3      | Reached skill level 5 in Crossbows
  2389 | D:3      | Killed from afar by an orc priest

Levels and vault maps discovered:
D:1:      enne_arrival_octagon_isle, layout_loops_ring,
          ebering_dispersal_statue_hall
D:2:      layout_basic, nemelex_altar_shiori
D:3:      layout_rooms, nicolae_gozag_cash_rules_everything_around_me

Skill      XL: |  1  2  3  4 |
---------------+-------------+-----
Crossbows      | 3 4 5 |  5.0
Fighting       | |  1.1
Dodging        | |  2.4
Spellcasting   | |  1.1
Hexes          | |  3.0

Action                   |  1- 3 |  4- 6 || total
-------------------------+-------+-------++-------
Melee: Mace              |    18 |       ||    18
       Short sword       |    51 |    29 ||    80
 Fire: Hand crossbow     |    23 |     1 ||    24
 Cast: Corona            |     1 |       ||     1
  Use: Scroll            |     1 |     1 ||     2
 Stab: Sleeping          |     1 |       ||     1
  Eat: Chunk             |     8 |     2 ||    10
Armor: Robe              |    21 |       ||    21
       Leather armour    |       |     9 ||     9
Dodge: Dodged            |    67 |    14 ||    81

Table legend:
 A = Non-vault XP
 B = Vault XP
 C = Vault XP percentage of total XP
 D = Non-vault monster count
 E = Vault monster count
 F = Vault count percentage of total count
                 A         B        C        D         E       F
            +---------+---------+-------+---------+---------+-------
      Total |      83 |       0 |   0.0 |      34 |       0 |   0.0
            +---------+---------+-------+---------+---------+-------
        D:1 |      30 |       0 |   0.0 |      17 |       0 |   0.0
        D:2 |      40 |       0 |   0.0 |      11 |       0 |   0.0
        D:3 |      13 |       0 |   0.0 |       6 |       0 |   0.0
            +---------+---------+-------+---------+---------+-------
